 Dungeon Crawl Stone Soup version 0.26.0-3-g156281e41b (webtiles) character file.

Game seed: 11064699864923329966

226 Froggeryz the Skirmisher (level 6, -12/39 HPs)
             Began as a Gargoyle Wanderer on Jan 9, 2021.
             Was an Initiate of Okawaru.
             Mangled by an ogre
             ... wielding a +0 giant club
              (16 damage)
             ... on level 4 of the Dungeon.
             The game lasted 00:03:34 (2911 turns).

Froggeryz the Skirmisher (Gargoyle Wanderer)        Turns: 2911, Time: 00:03:35

Health: -12/39     AC: 11    Str: 21    XL:     6   Next: 1%
Magic:  7/7        EV:  6    Int: 14    God:    Okawaru [......]
Gold:   181        SH:  7    Dex:  6    Spells: 7/7 levels left

rFire    . . .     SeeInvis .   j - +0 club
rCold    . . .     Faith    .   b - +0 kite shield
rNeg     + . .     Spirit   .   o - +0 scale mail
rPois    ∞         Reflect  .   (no helmet)
rElec    +         Harm     .   (no cloak)
rCorr    .         Rampage  .   p - +0 pair of gloves
Will     .....                  (no boots)
Stlth    +.........             (no amulet)
HPRegen  0.13/turn              e - ring of stealth
MPRegen  0.10/turn              (no ring)

@: no status effects
A: blurry vision 1, negative energy resistance 1, electricity resistance, strong
1, wild magic 1, unbreathing, petrification resistance, miasma immunity, AC +4
a: Renounce Religion


You were on level 4 of the Dungeon.
You worshipped Okawaru.
Okawaru was noncommittal.
You visited 1 branch of the dungeon, and saw 4 of its levels.

You collected 181 gold pieces.

Inventory:

Hand Weapons
 a - a +0 hand crossbow
 j - a +0 club (weapon)
Missiles
 c - 7 bolts
 v - 23 poisoned darts (quivered)
Armour
 b - a +0 kite shield (worn)
 o - a +0 scale mail (worn)
 p - a +0 pair of gloves (worn)
Jewellery
 e - a ring of stealth (left hand)
 f - an uncursed ring of willpower {unknown}
Scrolls
 d - 4 scrolls of teleportation
 g - a scroll of remove curse
 i - 3 scrolls of blinking {unknown}
 k - a scroll of amnesia {unknown}
 l - 5 scrolls of identify {unknown}
 n - a scroll of immolation {unknown}
 s - a scroll of fear {unknown}
Potions
 h - a potion of invisibility {unknown}
 m - 2 potions of flight {unknown}
 q - a potion of curing
 r - a potion of might
 t - a potion of lignification {unknown}
 u - a potion of haste {unknown}


   Skills:
 + Level 4.5 Fighting
 * Level 3.7 Maces & Flails
 - Level 3.0 Crossbows
 - Level 1.0 Throwing
 - Level 1.1 Armour
 - Level 1.1 Shields
 - Level 1.0 Spellcasting
 - Level 1.0 Ice Magic
 - Level 1.2 Earth Magic


You had 7 spell levels left.
You didn't know any spells.
Your spell library was empty.

Dungeon Overview and Level Annotations

Branches:
Dungeon (4/15)
 Temple: D:4-7

Altars:
Hepliaklqana
Okawaru
Qazlal
Sif Muna


Innate Abilities, Weirdness & Mutations

You are resistant to torment.
Your stone body is resilient. (AC +4)
You are immune to poison.
You resist negative energy. (rN+)
You are resistant to electric shocks. (rElec)
You can survive without breathing.
You are immune to petrification.
You are immune to miasma.
Scrolls take you a little longer to read.
Your muscles are strong. (Str +2)
Your spells are a little harder to cast, but a little more powerful.


Message History

No target in view!
No target in view!
No target in view!
No target in view!
No target in view!
No target in view!
Found 32 stones.
An ogre comes into view. It is wielding a +0 giant club.
The ogre shouts!
An ogre comes into view. It is wielding a +0 giant spiked club.
The ogre shouts!
The ogre barely misses you.
There are monsters nearby!
You hit the ogre but do no damage. The ogre completely misses you.
The ogre hits you with a +0 giant club!!
Ouch! That really hurt!
The ogre hits you with a +0 giant spiked club!
* * * LOW HITPOINT WARNING * * *
The ogre hits you with a +0 giant club!
You die...

####.###.##.......##
#..†...............##.
#.##.###.............
# #.# #............
..# #...........# ####
#...........#
#.###.......# .# #..
#.......##.#
#...#.###@...#(#
#.......#O.....####
##.###..#.###..... #
#....O.#....
#.###..#.### ....
#......# #.###.
#.###..#.# # .....
#....# #.###. #.####


You could see 2 ogres.

Vanquished Creatures
  Terence (D:2)
  Natasha (thrice) (D:3)
  5 adders
  2 oozes
  2 worms
  4 leopard geckos (D:2)
  An orc (D:3)
  3 giant cockroaches
  8 goblins
  6 hobgoblins
  7 jackals
  5 kobolds
  2 quokkas (D:3)
  3 ball pythons (D:1)
  6 bats
  3 frilled lizards (D:1)
  A rat (D:3)
62 creatures vanquished.

Notes
Turn   | Place    | Note
-------+----------+-------------------------------------------
     0 | D:1      | Froggeryz the Gargoyle Wanderer began the quest for the
                  | Orb.
     0 | D:1      | Froggeryz set off with the following items: a +0 hand
                  | crossbow, a +0 kite shield, 24 bolts, a scroll of
                  | teleportation, a +0 robe
     0 | D:1      | Reached XP level 1. HP: 12/12 MP: 2/2
    71 | D:1      | Reached skill level 2 in Fighting
   120 | D:1      | Reached XP level 2. HP: 17/17 MP: 3/3
   353 | D:1      | Reached skill level 3 in Fighting
   528 | D:1      | Reached XP level 3. HP: 17/23 MP: 4/4
   970 | D:2      | Reached skill level 1 in Maces & Flails
  1023 | D:2      | Reached XP level 4. HP: 28/28 MP: 5/5
  1060 | D:2      | Found a hazy altar of Hepliaklqana.
  1061 | D:2      | Noticed Terence
  1062 | D:2      | Found an iron altar of Okawaru.
  1062 | D:2      | Found a shimmering blue altar of Sif Muna.
  1069 | D:2      | Killed Terence
  1096 | D:2      | Became a worshipper of Warmaster Okawaru
  1840 | D:2      | Reached skill level 4 in Fighting
  1978 | D:3      | Reached XP level 5. HP: 33/33 MP: 6/6
  2056 | D:3      | Noticed Natasha
  2087 | D:3      | Gained mutation: Scrolls take you a little longer to read.
                  | [potion of mutation]
  2087 | D:3      | Gained mutation: Your spells are a little harder to cast,
                  | but a little more powerful. [potion of mutation]
  2087 | D:3      | Gained mutation: Your muscles are strong. (Str +2) [potion
                  | of mutation]
  2090 | D:3      | Killed Natasha
  2305 | D:3      | Noticed Natasha
  2328 | D:3      | Killed Natasha
  2383 | D:3      | Noticed Natasha
  2547 | D:3      | Killed Natasha
  2645 | D:3      | Found a stormy altar of Qazlal.
  2789 | D:3      | Reached XP level 6. HP: 38/39 MP: 7/7
  2911 | D:4      | Mangled by an ogre

Illustrated notes

Levels and vault maps discovered:
D:1:      erik_arrival_blinker_ship, layout_loops_ring,
          minmay_shallow_snake_nest
D:2:      layout_basic, chequers_temple_overflow_statue_of_worship, uniq_terence
D:3:      layout_rooms, nicolae_qazlal_eye_of_the_storm, uniq_natasha
D:4:      layout_basic, lemuel_crystal_altar, hangedman_decor_points,
          uniq_grinder

Skill      XL: |  1  2  3  4  5 |
---------------+----------------+-----
Fighting       | 2 3 4 |  4.5
Maces & Flails | 1 2 3 |  3.7
Crossbows      | |  3.0
Throwing       | |  1.0
Armour         | |  1.1
Shields        | |  1.1
Spellcasting   | |  1.0
Ice Magic      | |  1.0
Earth Magic    | |  1.2

Action                   |  1- 3 |  4- 6 || total
-------------------------+-------+-------++-------
Melee: Club              |       |    92 ||    92
       Hand crossbow     |       |    18 ||    18
 Fire: Hand crossbow     |    62 |    82 ||   144
  Use: Scroll            |       |     1 ||     1
       Potion            |       |     3 ||     3
Armor: Robe              |     8 |     3 ||    11
       Scale mail        |       |   126 ||   126
Dodge: Dodged            |    16 |    53 ||    69
Block: Kite shield       |    10 |    72 ||    82
